AoeStats
← REEE JUEGUITO

Arena

508994138Analyzed
1v1 RM · 8d ago on Sep 25, 2026· 17m 46s· 2 players
Game mode
Random Map
Map size
Tiny (2 player)
Population
200
Speed
Normal
Resources
Standard
Victory
Conquest
Starting age
Dark Age
Ending age
Imperial Age
RankedLock teamsTeams togetherTeam positionsShared explorationLock speedFull tech treeHidden civsTurbo modeCheats
Victory
Defeat
🇦🇷 Bulgarians · Argentina
1454
+13
🇺🇸 Teutons · United States
1392
-13
smittens
6:56 Loom
9:26 Feudal Age
10:03 Double-Bit Axe
REEE JUEGUITO
9:55 Feudal Age
8:10 Loom
13:50 Castle Age
12:50 Fletching
14:32 Bodkin Arrow
Connection lost

Rejoining the realm…

Still unreachable

The connection could not be restored.

Session expired

The server has moved on; the page needs a fresh start.